 Dungeon Crawl Stone Soup version 0.31-a0-920-g28cbb04a8c (webtiles) character file.

Game seed: 3484790657501426671

31389 Shayle the Fighter (level 13, 0/113 HPs)
             Began as a Human Shapeshifter on Oct 16, 2023.
             Was a Priest of Ashenzari.
             Slain by a death yak (16 damage)
             ... on level 1 of the Lair of Beasts on Oct 17, 2023.
             The game lasted 00:55:25 (18817 turns).

Shayle the Fighter (Human Shapeshifter)            Turns: 18817, Time: 00:55:25

Health: 0/113      AC: 31    Str: 15    XL:     13   Next: 96%
Magic:  13/13      EV: 16    Int: 17    God:    Ashenzari [***...]
Gold:   2038       SH:  7    Dex: 19    Spells: 12/12 levels left

rFire   . . .        S - +8 falchion "Ughaux" {spect, Fly}
rCold   . . .        k - +0 buckler
rNeg    . . .        y - +8 chain mail of Ashenzari's Stars {Dex+6, Melee, Comp} (curse)
rPois   .            E - +2 helmet
rElec   .            Y - +2 cloak
rCorr   +            m - +2 pair of gloves
SInv    +            e - +2 pair of boots "Eternal Together" {Comp, Self} (curse)
Will    .....        B - amulet "Overhang to Understand" {RegenMP, Elem, Bglg} (curse) Stlth
                     w - ring of Supernal Understanding {EV+5, Bglg, Fort} (curse)
HPRegen 0.38/turn    v - ring of Ashenzari's Omission {rCorr Int+2, Dev, Cun} (curse)
MPRegen 0.53/turn

%: clarity
@: flying, studying Fighting
A: no striking features
a: Renounce Religion, Curse Item, Shatter the Chains


You were on level 1 of the Lair of Beasts.
You worshipped Ashenzari.
Ashenzari was most pleased with you.
You visited 3 branches of the dungeon, and saw 16 of its levels.
You also visited: Bailey.

You collected 2038 gold pieces.

Inventory:

Hand Weapons
 h - the +3 shortbow of Geceuqi {speed, +Blink Dex+3}
   (You found it in a bailey)

   Dex+3:     It affects your dexterity (+3).
   +Blink:    It lets you blink.
 l - a +1 dagger of freezing
 G - a +2 vampiric long sword
 S - the +8 falchion "Ughaux" (weapon) {spect, Fly}
   (You found it on level 10 of the Dungeon)

   Fly:       It grants you flight.
Armour
 e - the cursed +2 pair of boots "Eternal Together" (worn) {Comp, Self}
   (You found it on level 1 of the Dungeon)

   It has a curse which improves the following skills: Companions: Summonings
   and Necromancy.
   Introspection: Fighting and Spellcasting.
 k - a +0 buckler (worn)
 m - a +2 pair of gloves (worn)
 p - a +2 hat
 y - the cursed +8 chain mail of Ashenzari's Stars (worn) {Dex+6, Melee, Comp}
   (You found it on level 4 of the Dungeon)

   Dex+6:     It affects your dexterity (+6).
   It has a curse which improves the following skills: Melee Combat: Short
   Blades, Long Blades, Axes, Maces & Flails, Polearms, Staves and Unarmed
   Combat.
   Companions: Summonings and Necromancy.
 D - the +5 leather armour "Weng" {*Slow Int+6 Slay+3}
   (You found it on level 11 of the Dungeon)

   Int+6:     It affects your intelligence (+6).
   Slay+3:    It affects your accuracy & damage with ranged weapons and melee
   (+3).
   *Slow:     It may slow you when you take damage.
 E - a +2 helmet (worn)
 M - a +5 ring mail
 R - a +1 robe of willpower
 Y - a +2 cloak (worn)
Jewellery
 i - a ring of wizardry
 v - the cursed ring of Ashenzari's Omission (right hand) {rCorr Int+2, Dev, Cun}
   (You acquired it on level 3 of the Dungeon)

   [ring of resist corrosion]

   Int+2:     It affects your intelligence (+2).
   rCorr:     It protects you from acid and corrosion.
   It has a curse which improves the following skills: Devices: Evocations and
   Shapeshifting.
   Cunning:   Dodging and Stealth.
 w - the cursed ring of Supernal Understanding (left hand) {EV+5, Bglg, Fort}
   (You found it on level 3 of the Dungeon)

   [ring of evasion]

   EV+5:      It affects your evasion (+5).
   It has a curse which improves the following skills: Beguiling: Conjurations,
   Hexes and Translocations.
   Fortitude: Armour and Shields.
 z - a ring of wizardry
 B - the cursed amulet "Overhang to Understand" (around neck) {RegenMP, Elem, Bglg}
   (You found it on level 5 of the Dungeon)

   [amulet of magic regeneration]

   RegenMP:   It increases your rate of magic regeneration.
   It has a curse which improves the following skills: Elements: Fire Magic, Ice
   Magic, Air Magic and Earth Magic.
   Beguiling: Conjurations, Hexes and Translocations.
 V - an amulet of the acrobat
Talismans
 c - a beast talisman
 d - a flux talisman
Wands
 a - a wand of paralysis (3)
 t - a wand of acid (3)
 J - a wand of flame (50)
 T - a wand of mindburst (2)
 W - a wand of roots (1)
Scrolls
 f - 2 scrolls of noise
 g - 3 scrolls of enchant weapon
 j - 3 scrolls of revelation
 q - 4 scrolls of poison
 u - 3 scrolls of amnesia
 x - a scroll of blinking
 H - 2 scrolls of silence
 I - 2 scrolls of fog
 K - 4 scrolls of vulnerability
 L - 2 scrolls of teleportation
 X - a scroll of immolation
Potions
 b - 2 potions of lignification
 n - 6 potions of enlightenment
 o - a potion of degeneration
 r - a potion of curing
 s - a potion of cancellation
 A - a potion of ambrosia
 C - 2 potions of haste
 Q - 2 potions of magic
 U - a potion of mutation


   Skills:
 + Level 12.6(14.0) Fighting
 + Level 5.5(7.0) Armour
 - Level 7.1(8.7) Dodging
 - Level 7.3(8.9) Shields
 + Level 10.7(12.2) Unarmed Combat
 + Level 5.3(7.5) Conjurations
 + Level 5.2(7.4) Hexes
 + Level 5.2(7.4) Translocations
 + Level 9.8(11.3) Shapeshifting


You had 12 spell levels left.
You didn't know any spells.
Your spell library contained the following spells:

 Spells                   Type           Power      Damage    Failure   Level
 Lesser Beckoning         Tloc           50%        N/A       22%         2
 Gell's Gravitas          Tloc           25%        N/A       41%         3
 Teleport Other           Tloc           25%        N/A       41%         3
 Tukima's Dance           Hex            25%        N/A       41%         3
 Foxfire                  Conj/Fire      52%        2x1d6     54%         1
 Ensorcelled Hibernation  Hex/Ice        26%        N/A       69%         2
 Static Discharge         Conj/Air       26%        2-4/arc   69%         2
 Iskenderun's Mystic Bla  Conj/Tloc      25%        2d7       82%         4
 Passage of Golubria      Tloc           25%        N/A       82%         4
 Cause Fear               Hex            12%        N/A       83%         4
 Hailstorm                Conj/Ice       13%        3d5       89%         3
 Passwall                 Tmut/Erth      0%         N/A       99%         2
 Swiftness                Air            0%         N/A       100%        3
 Airstrike                Air            0%         2d(0-16)  100%        4
 Anguish                  Hex/Necr       6%         N/A       100%        4
 Brom's Barrelling Bould  Conj/Erth      13%        2d4       100%        4
 Leda's Liquefaction      Hex/Erth       6%         N/A       100%        4
 Summon Ice Beast         Ice/Summ       0%         N/A       100%        4
 Summon Lightning Spire   Summ/Air       0%         N/A       100%        4
 Vhi's Electric Charge    Tloc/Air       26%        N/A       100%        4
 Arcjolt                  Conj/Air       6%         1d16      100%        5
 Lee's Rapid Deconstruct  Erth           0%         3d4*      100%        5
 Silence                  Hex/Air        6%         N/A       100%        5
 Yara's Violent Unravell  Hex/Tmut       6%         3d5       100%        5
 Bombard                  Conj/Erth      6%         9d2       100%        6
 Dispersal                Tloc           12%        N/A       100%        6
 Plasma Beam              Fire/Air       0%         2x1d10    100%        6
 Simulacrum               Ice/Necr       0%         N/A       100%        6
 Enfeeble                 Hex            12%        N/A       100%        7
 Lehudib's Crystal Spear  Conj/Erth      6%         10d3      100%        8


Dungeon Overview and Level Annotations

Branches:
Dungeon (13/15)            Temple (1/1) D:5            Lair (2/5) D:11
    Orc (0/2) D:12         Bailey (visited)
  Swamp: Lair:2-3    Shoals: Lair:2-3     Snake: Lair:2-3    Spider: Lair:2-3
 Vaults: D:13-14

Altars:
Ashenzari
Cheibriados
Dithmenos
Elyvilon
Fedhas
Gozag
Hepliaklqana
Kikubaaqudgha
Makhleb
Nemelex Xobeh
Okawaru
Qazlal
Ru
Sif Muna
Trog
Uskayaw
Vehumet
Wu Jian
Xom
Yredelemnul
Zin
The Shining One

Shops:
D:11 =

Portals:
Trove: D:12 (give 9 potions of haste)

Annotations:
D:10 1 runed translucent door, p00ps00p's ghost, journeyman HOFi
D:13 Kirke


Message History

* * * LOW HITPOINT WARNING * * *
You barely miss the death yak.
Your +8 falchion "Ughaux" {spect, Fly} barely misses the death yak.
The death yak closely misses you.
You hit the death yak.
The death yak is lightly wounded.
Your +8 falchion "Ughaux" {spect, Fly} hits the death yak!!
The death yak gores you but does no damage.
You hit the death yak but do no damage.
The death yak is moderately wounded.
Your +8 falchion "Ughaux" {spect, Fly} hits the death yak!
You block the death yak's attack.
The death yak gores you but does no damage.
You hit the death yak but do no damage.
The death yak is moderately wounded.
Your +8 falchion "Ughaux" {spect, Fly} hits the death yak.
The death yak completely misses you.
You slash the death yak!
The death yak is heavily wounded.
Your +8 falchion "Ughaux" {spect, Fly} hits the death yak!
The death yak misses you.
You hit the death yak.
The death yak is severely wounded.
Your +8 falchion "Ughaux" {spect, Fly} hits the death yak.
The death yak completely misses you. The death yak misses you.
You hit the death yak but do no damage.
The death yak is severely wounded.
Your +8 falchion "Ughaux" {spect, Fly} hits the death yak!
The death yak gores you!
* * * LOW HITPOINT WARNING * * *
You hit the death yak but do no damage.
The death yak is almost dead.
Your +8 falchion "Ughaux" {spect, Fly} hits the death yak.
The death yak gores you.
* * * LOW HITPOINT WARNING * * *
You hit the death yak but do no damage.
The death yak is almost dead.
Your +8 falchion "Ughaux" {spect, Fly} barely misses the death yak.
The death yak gores you!
You die...

#........†...........##.###...
#(............##...........###
#§Y.†.........###..........##P
##########....# #..........###
##.#....# #..........##.
...........# #...........##
...........###...........##
.........Y..##............^
.........(@.#.........####.
...........###........# #..
..Y........#P.........###..
.................###..##...
...............##.......
....^.........###.......
..............###.......
...................#####
...................#


You could see a death yak and a friendly +8 falchion "Ughaux" {spect, Fly}.

Vanquished Creatures
  Snorg (D:11)
  A catoblepas (D:13)
  2 boulder beetles
  4 two-headed ogres
  8 death yaks
  Lodul (D:10)
  An orc knight (Bailey)
  A cyclops (D:11)
  An orc sorcerer (Bailey)
  2 ugly things
  A manticore (D:11)
  2 black mambas
  A cane toad (Lair:1)
  Maggie (D:7)
  2 kobold demonologists
  3 gargoyles
  4 komodo dragons (Lair:1)
  2 unseen horrors (D:12)
  4 trolls
  Prince Ribbit (Lair:1)
  A hornet (D:11)
  5 blink frogs (Lair:1)
  3 slime creatures (D:8)
  5 wraiths
  18 yaks
  6 wyverns
  2 hogs (D:13)
  5 vampire mosquitoes
  4 basilisks
  A steam dragon (D:5)
  Menkaure (D:7)
  3 wargs (D:12)
  An acid dragon (D:9)
  Duvessa (D:6)
  16 orc warriors
  A water moccasin (D:6)
  3 ice beasts
  4 black bears
  7 ogres (D:10)
  4 wolves (Lair:1)
  5 centaurs
  3 phantoms
  9 bullfrogs
  2 scorpions
  A gnoll sergeant (D:8)
  3 wights (D:9)
  Dowan (D:6)
  5 killer bees (D:8)
  3 electric eels (Bailey)
  A howler monkey (D:8)
  4 hounds
  8 orc priests
  5 jellies
  6 orc wizards
  5 iguanas
  A sleepcap (D:5)
  5 gnolls
  5 adders
  A white imp (D:8)
  2 ufetubi (D:5)
  3 worms
  7 dart slugs
  41 orcs
  7 ball pythons
  8 bats
  7 endoplasms
  5 giant cockroaches
  12 goblins
  13 hobgoblins
  6 jackals (D:1)
  5 quokkas
  5 frilled lizards
  8 kobolds
  4 rats
340 creatures vanquished.

Vanquished Creatures (others)
  A sky beast (D:6)
  6 spectral weapons
7 creatures vanquished.

Grand Total: 347 creatures vanquished

Notes
Turn   | Place    | Note
-------+----------+-------------------------------------------
     0 | D:1      | Shayle the Human Shapeshifter began the quest for the Orb.
     0 | D:1      | Reached XP level 1. HP: 15/15 MP: 1/1
    80 | D:1      | Reached XP level 2. HP: 20/21 MP: 2/2
   244 | D:1      | Reached XP level 3. HP: 24/26 MP: 3/3
   916 | D:1      | Reached XP level 4. HP: 33/33 MP: 4/4
  1292 | D:2      | Reached skill level 2 in Fighting
  1359 | D:2      | Found a sacrificial altar of Ru.
  2707 | D:3      | Reached XP level 5. HP: 38/38 MP: 5/5
  2881 | D:3      | Identified a scroll of acquirement
  2881 | D:3      | Acquired the ring "Apailo Kuawn" {rCorr Int+2}
  3317 | D:4      | Found a blossoming altar of Fedhas.
  3374 | D:4      | Identified the +8 chain mail of Privacy {Dex+6}
  3432 | D:4      | Reached XP level 6. HP: 46/46 MP: 6/6
  3750 | D:5      | Entered Level 5 of the Dungeon
  3866 | D:5      | Reached skill level 3 in Fighting
  4004 | D:5      | Found an ornate altar of the Wu Jian Council.
  4122 | D:5      | Reached XP level 7. HP: 45/52 MP: 7/7
  4355 | D:5      | Reached skill level 5 in Unarmed Combat
  4389 | D:5      | Reached skill level 4 in Fighting
  4632 | D:4      | Upgraded the game from 0.31-a0-881-ge136f0c47a to
                  | 0.31-a0-920-g28cbb04a8c
  4635 | D:4      | Reached XP level 8. HP: 58/60 MP: 8/8
  4671 | D:4      | Found an ancient bone altar of Kikubaaqudgha.
  4798 | D:5      | Found a staircase to the Ecumenical Temple.
  4806 | Temple   | Entered the Ecumenical Temple
  4880 | Temple   | Became a worshipper of Ashenzari the Shackled
  5285 | D:6      | Noticed Dowan
  5329 | D:6      | Reached skill level 1 in Shields
  5451 | D:5      | Reached skill level 5 in Shapeshifting
  5538 | D:6      | Found a shadowy altar of Dithmenos.
  6031 | D:6      | Killed Dowan
  6032 | D:6      | Reached skill level 5 in Fighting
  6039 | D:6      | Noticed a wraith
  6052 | D:6      | Noticed Duvessa
  6057 | D:6      | Killed a wraith
  6058 | D:6      | Reached XP level 9. HP: 68/68 MP: 9/9
  6065 | D:6      | Killed Duvessa
  6661 | D:6      | Found an iron altar of Okawaru.
  6669 | D:6      | Found a snail-covered altar of Cheibriados.
  6738 | D:7      | Noticed Menkaure
  6741 | D:7      | Killed Menkaure
  6906 | D:7      | Reached * piety under Ashenzari
  7100 | D:7      | Noticed Maggie
  7114 | D:7      | Killed Maggie
  7115 | D:7      | Reached skill level 6 in Fighting
  7853 | D:8      | Reached XP level 10. HP: 60/77 MP: 10/10
  8015 | D:8      | Reached skill level 5 in Shields
  8036 | D:8      | Noticed a gargoyle
  8048 | D:8      | Killed a gargoyle
  8049 | D:8      | Reached skill level 7 in Fighting
  8112 | D:8      | Acquired a manual of Fighting
  8137 | D:8      | Noticed a two-headed ogre
  8155 | D:8      | Killed a two-headed ogre
  8198 | D:8      | Noticed a boulder beetle
  8383 | D:8      | Reached skill level 8 in Fighting
  8709 | D:8      | Killed a boulder beetle
  8710 | D:8      | Reached XP level 11. HP: 81/87 MP: 11/11
  9043 | D:8      | Reached skill level 9 in Fighting
  9266 | Bailey   | Identified the of Biofudd
  9296 | D:9      | Found a flagged portal.
  9476 | Bailey   | Entered a bailey
  9570 | Bailey   | Noticed an orc knight
  9580 | Bailey   | Killed an orc knight
 10182 | Bailey   | Acquired 929 gold pieces
 10199 | Bailey   | Found an iron altar of Okawaru.
 10208 | Bailey   | Noticed an orc sorcerer
 10217 | Bailey   | Killed an orc sorcerer
 10319 | Bailey   | Identified the +3 shortbow of Geceuqi {speed, +Blink Dex+3}
 10408 | Bailey   | Reached skill level 1 in Conjurations
 10469 | Bailey   | Reached skill level 1 in Armour
 10624 | D:9      | Reached skill level 10 in Fighting
 10624 | D:9      | Reached skill level 1 in Hexes
 10624 | D:9      | Reached skill level 1 in Translocations
 11050 | D:9      | Reached ** piety under Ashenzari
 11198 | D:10     | Entered Level 10 of the Dungeon
 11258 | D:11     | Noticed a boulder beetle
 11260 | D:11     | Noticed a sun demon
 11526 | D:10     | Identified the +2 ring mail of the Stars {Str+2}
 11615 | D:10     | Noticed Lodul
 11650 | D:10     | Noticed a two-headed ogre
 11676 | D:10     | Killed a two-headed ogre
 11677 | D:10     | Reached skill level 5 in Dodging
 11919 | D:9      | Reached XP level 12. HP: 96/98 MP: 12/12
 12027 | D:10     | Noticed a death yak
 12158 | D:10     | Identified the +8 falchion "Ughaux" {spect, Fly}
 12266 | D:10     | Killed Lodul
 12408 | D:10     | Killed a death yak
 12543 | D:10     | Found a runed translucent door.
 12545 | D:10     | Noticed a centaur warrior
 12545 | D:10     | Noticed p00ps00p's ghost (journeyman HOFi)
 12870 | D:11     | Noticed Snorg
 13052 | D:11     | Noticed a two-headed ogre
 13124 | D:10     | Reached skill level 11 in Fighting
 13160 | D:10     | Killed a two-headed ogre
 13176 | D:10     | Reached *** piety under Ashenzari
 13317 | D:11     | Identified the +5 leather armour "Weng" {*Slow Int+6
                  | Slay+3}
 13410 | D:11     | Killed Snorg
 13462 | D:10     | Killed a boulder beetle
 13463 | D:10     | Reached skill level 10 in Unarmed Combat
 14056 | D:11     | Found Woulabim's Jewellery Shoppe.
 14065 | D:11     | Found a staircase to the Lair.
 14081 | D:15     | Identified the "Piuted"
 14081 | Lair:1   | Entered Level 1 of the Lair of Beasts
 14367 | Lair:1   | Reached XP level 13. HP: 100/109 MP: 13/13
 14618 | Lair:1   | Noticed Prince Ribbit
 14630 | Lair:1   | Killed Prince Ribbit
 15791 | D:12     | Reached skill level 12 in Fighting
 15990 | D:12     | Found a portal to a secret trove of treasure.
 16202 | D:12     | Reached skill level 5 in Armour
 16390 | D:12     | Found a staircase to the Orcish Mines.
 17251 | D:13     | Noticed Kirke
 17449 | D:13     | Reached skill level 5 in Conjurations
 17561 | D:13     | Reached skill level 5 in Translocations
 17574 | D:13     | Noticed a catoblepas
 17616 | D:13     | Killed a catoblepas
 17991 | D:13     | Reached skill level 5 in Hexes
 18817 | Lair:1   | Slain by a death yak

Illustrated notes

Levels and vault maps discovered:
D:1:      dpeg_arrival_erosion, layout_basic, minmay_tromino_v4_b
D:2:      layout_loops_cross, basic_altar, nrook_loot_triangle
D:3:      layout_basic, nicolae_elevator_lobby_asterisk
D:4:      layout_cave_pods, nicolae_kikubaaqudgha_miasma_corner, fedhas_altar_2,
          hangedman_decor_points
D:5:      layout_cave_pods, nicolae_wu_jian_glorious_leap,
          minmay_temple_entry_statues
D:6:      nicolae_cairo_tiling, layout_basic, amethyst_overflow_temple_binary,
          mainiacjoe_overflow_surrounded_room, minmay_misc_feat_x, uniq_duvessa
D:7:      layout_gridville, uniq_maggie, uniq_menkaure
D:8:      minmay_the_grid_four_pointed_star
          [minmay_the_grid_triangle_9x9_checkered,
          minmay_the_grid_triangle_9x9_cache,
          minmay_the_grid_triangle_9x9_skeleton,
          minmay_the_grid_triangle_9x9_dagger,
          minmay_the_grid_prize_four_corners], layout_basic,
          kennysheep_big_empty_room
D:9:      layout_irregular_city, enter_bailey_2
D:10:     argonaut_augean_stables, layout_stronghold, ebering_ghost_inner_flame,
          uniq_lodul
D:11:     layout_rooms, lair_entry_dummy, serial_shops, nicolae_shop_peninsula,
          uniq_snorg
D:12:     layout_long_grid, david_orc_1_choice, enter_trove_1
D:13:     layout_stronghold, uniq_urug, uniq_kirke
Temple:   minmay_temple_bridge_d
Lair:1:   layout_small_grid, mumra_transporter_accident, uniq_prince_ribbit2
Lair:2:   layout_regular_city, minmay_shoals_entry_centaurs,
          nicolae_spider_entry_lesser_pyramids, grunt_megastairs_4,
          infiniplex_staircase_pool

Skill      XL: |  1  2  3  4  5  6  7  8  9 10 11 12 13 |
---------------+----------------------------------------+-----
Fighting       | 2 3 4 5 6 8 10 11 12 | 12.6
Dodging        | 3 4 5 6 7 |  7.1
Unarmed Combat | 4 5 6 7 8 9 10 | 10.7
Shapeshifting  | 4 5 6 7 8 9 |  9.8
Shields        | 2 4 6 7 |  7.3
Conjurations   | 2 3 5 |  5.3
Armour         | 2 4 5 |  5.5
Hexes          | 2 3 5 |  5.2
Translocations | 2 3 5 |  5.2

Action                     |  1- 3 |  4- 6 |  7- 9 | 10-12 | 13-15 || total
---------------------------+-------+-------+-------+-------+-------++-------
  Melee: Unarmed           |   101 |   204 |   285 |   548 |       ||  1138
         Falchion          |       |       |       |    85 |   314 ||   399
 Invoke: Curse Item        |       |       |     2 |     3 |       ||     5
Ability: Begin Untransform |       |       |     1 |     1 |       ||     2
  Evoke: Wand              |       |       |     7 |    33 |     1 ||    41
    Use: Scroll            |       |     5 |     9 |     7 |     5 ||    26
         Potion            |       |       |       |     5 |     4 ||     9
   Stab: Sleeping          |     1 |     2 |       |       |       ||     3
         Paralysed         |       |       |       |     7 |       ||     7
         Distracted        |       |       |       |     1 |     6 ||     7
 Armour: Animal skin       |    47 |    60 |       |       |       ||   107
         Ring mail         |       |    16 |       |       |       ||    16
         Chain mail        |       |    61 |   149 |   377 |   249 ||   836
  Dodge: Dodged            |    74 |    97 |   150 |   470 |   198 ||   989
  Block: Buckler           |       |    31 |    42 |    68 |    81 ||   222
   Form: Flux              |       |       |     1 |       |       ||     1

Table legend: (Time is in decaauts)
 A = Elapsed time spent in this place.
 B = Non-inter-level travel time spent in this place.
 C = Inter-level travel time spent in this place.
 D = Time resting spent in this place.
 E = Time spent auto-exploring this place.
 F = Levels seen in this place.
 G = Mean time per level.
                   A        B        C        D        E       F      G
               +--------+--------+--------+--------+--------+-----+--------+
         Total |  18855 |  17988 |    867 |   3967 |   9201 |  17 | 1109.1 |
       Dungeon |  15888 |  15166 |    722 |   2884 |   8439 |  13 | 1222.2 |
        Temple |    145 |      2 |    143 |      0 |      0 |   1 |  145.0 |
          Lair |   1706 |   1705 |      1 |    547 |    596 |   2 |  853.0 |
        Bailey |   1115 |   1115 |      0 |    535 |    166 |   1 | 1115.0 |
               +--------+--------+--------+--------+--------+-----+--------+

Top non-repeatable levels by time:
    D:10: 2312 daAuts
    D:12: 1706 daAuts
  Lair:1: 1530 daAuts
     D:8: 1463 daAuts
     D:5: 1286 daAuts
     D:6: 1221 daAuts
     D:3: 1167 daAuts
  Bailey: 1115 daAuts
    D:11: 1109 daAuts
     D:7: 1060 daAuts
     D:1: 993 daAuts
     D:9: 975 daAuts
     D:4: 969 daAuts
     D:2: 906 daAuts
    D:13: 717 daAuts
